 Dungeon Crawl Stone Soup version 0.20.0-1-g1cb1d84 (webtiles) character file.

1010 mike2R the Firebug (level 8, -1/41 HPs)
             Began as a Deep Elf Fire Elementalist on May 26, 2017.
             Was a Follower of Vehumet.
             Slain by a water moccasin (8 damage)
             ... on level 6 of the Dungeon.
             The game lasted 00:40:56 (8178 turns).

mike2R the Firebug (Deep Elf Fire Elementalist)     Turns: 8178, Time: 00:40:57

Health: -1/41      AC:  2    Str:  5    XL:     8   Next: 1%
Magic:  12/20      EV: 13    Int: 23    God:    Vehumet [*.....]
Gold:   237        SH:  0    Dex: 15    Spells: 0/20 levels left

rFire    + . .     SeeInvis .   a - +1 dagger (venom)
rCold    . . .     Gourm    .   (no shield)
rNeg     . . .     Faith    .   E - +0 robe (curse)
rPois    .         Spirit   .   (no helmet)
rElec    .         Reflect  .   (no cloak)
rCorr    .         Harm     .   (no gloves)
MR       .....                  (no boots)
Stlth    ++........             (no amulet)
Regen    0.2/turn               t - ring of protection from fire
MPRegen  0.2/turn               (no ring)

@: lethally poisoned (-1 -> -9), about to teleport
A: no striking features
a: Renounce Religion


You were on level 6 of the Dungeon.
You worshipped Vehumet.
Vehumet was aware of your devotion.
You were not hungry.

You visited 2 branches of the dungeon, and saw 7 of its levels.

You collected 237 gold pieces.

Inventory:

Hand Weapons
 a - a +1 dagger of venom (weapon)
 b - a +0 spear
 e - a +0 mace
 g - a +0 whip
 h - a +0 short sword
 o - a +0 dagger of venom
 v - a +4 dagger
Missiles
 i - 77 stones (quivered)
 A - 22 arrows
Armour
 l - a +0 leather armour
 n - a +0 robe
 E - a cursed +0 robe (worn)
Jewellery
 t - a ring of protection from fire (left hand)
Wands
 p - a wand of polymorph (8/24)
Scrolls
 d - a scroll of remove curse {unknown}
 j - a scroll of enchant weapon {unknown}
 q - a scroll of fear {unknown}
 s - 2 scrolls of teleportation
 C - a scroll of vulnerability {unknown}
Potions
 m - a potion of curing
 r - 2 potions of heal wounds
 w - a potion of haste
 z - a potion of might {unknown}
 B - a potion of flight {unknown}
Books
 u - a book of Flames

   Spells                             Type                      Level
   a - Flame Tongue                   Conjuration/Fire             1
   b - Throw Flame                    Conjuration/Fire             2
   c - Conjure Flame                  Conjuration/Fire             3
   d - Inner Flame                    Hexes/Fire                   3
   e - Sticky Flame                   Conjuration/Fire             4
   f - Fireball                       Conjuration/Fire             5
 y - a book of Changes

   Spells                             Type                      Level
   a - Beastly Appendage              Transmutation                1
   b - Sticks to Snakes               Transmutation                2
   c - Spider Form                    Transmutation/Poison         3
   d - Ice Form                       Ice/Transmutation            4
   e - Blade Hands                    Transmutation                5
Comestibles
 c - 3 bread rations
 f - 3 royal jellies
 k - 5 meat rations
 x - a fruit


   Skills:
 - Level 2.4 Dodging
 - Level 2.4 Stealth
 - Level 6.6 Spellcasting
 + Level 5.7 Conjurations
 - Level 2.1 Transmutations
 + Level 6.9 Fire Magic


You couldn't memorise any spells.
You knew the following spells:

 Your Spells              Type           Power        Failure   Level  Hunger
a - Flame Tongue          Conj/Fire      #####        1%          1    None
b - Throw Flame           Conj/Fire      #####.       1%          2    None
c - Conjure Flame         Conj/Fire      #####...     1%          3    None
d - Inner Flame           Hex/Fire       ###.....     5%          3    None
e - Sticks to Snakes      Tmut           ###.....     4%          2    None
f - Sticky Flame          Conj/Fire      #####...     5%          4    ###....
g - Fireball              Conj/Fire      #####.....   16%         5    #####..


Dungeon Overview and Level Annotations

Branches:
Dungeon (6/15)             Temple (1/1) D:4

Altars:
Ashenzari
Cheibriados
Dithmenos
Elyvilon
Fedhas
Gozag
Hepliaklqana
Kikubaaqudgha
Makhleb
Okawaru
Qazlal
Ru
Uskayaw
Vehumet
Xom
Yredelemnul
Zin
The Shining One


Message History

The water moccasin poisons you!
Okay, then.
Casting: Flame Tongue
Confirm with . or Enter, or press ? or * to list all spells.
Aiming: Inner Flame
Press: ? - help, Shift-Dir - straight line, f/p - water moccasin
Aim: a water moccasin (heavily wounded, chance to defeat MR: 80%)
The water moccasin is filled with an inner flame.
You feel sick. The water moccasin bites you!
* * * LOW HITPOINT WARNING * * *
* * * LOW HITPOINT WARNING * * *
You feel sick. The water moccasin barely misses you.
The water moccasin misses you.
* * * LOW HITPOINT WARNING * * *
You feel sick.
As you read the scroll of teleportation, it crumbles to dust.
You feel strangely unstable.
* * * LOW HITPOINT WARNING * * *
You feel sick. The water moccasin bites you!
You die...

######.# #......####
######### #.........
........# #.......#.#
#######.# #.....%.. # #.#
#.....# ######.######..#
#
#..........<..S#####.#..#
#.####......(..@........#
##.#
#########.#####......
...# #)# ...#. #### ..#
..# #.## .# #. .. #. # #.


You could see a water moccasin (inner flame).

Vanquished Creatures
  A phantom (D:5)
  3 ogres
  A howler monkey (D:5)
  2 hounds (D:4)
  2 jellies (D:5)
  2 orc wizards (D:4)
  An orc priest (D:3)
  2 iguanas (D:4)
  7 worker ants
  9 adders
  2 shadow imps (D:5)
  An ooze (D:2)
  3 worms
  A dart slug (D:3)
  2 leopard geckos (D:4)
  12 orcs
  4 ball pythons
  8 bats
  4 giant cockroaches
  4 goblins
  4 hobgoblins
  6 jackals
  11 kobolds
  3 quokkas
  2 frilled lizards
  A leopard gecko skeleton (D:4)
  8 rats
106 creatures vanquished.

Notes
Turn   | Place    | Note
-------+----------+-------------------------------------------
     0 | D:1      | mike2R the Deep Elf Fire Elementalist began the quest for the Orb.
     0 | D:1      | Reached XP level 1. HP: 10/10 MP: 6/6
   257 | D:1      | Reached XP level 2. HP: 14/15 MP: 4/8
   261 | D:1      | Learned a level 2 spell: Throw Flame
  1022 | D:2      | Reached XP level 3. HP: 19/19 MP: 4/9
  1027 | D:2      | Learned a level 3 spell: Conjure Flame
  2228 | D:3      | Reached XP level 4. HP: 24/24 MP: 10/10
  2235 | D:2      | Learned a level 3 spell: Inner Flame
  3105 | D:3      | Reached skill level 5 in Fire Magic
  3105 | D:3      | Reached XP level 5. HP: 28/28 MP: 5/12
  4592 | D:4      | Learned a level 2 spell: Sticks to Snakes
  5152 | D:4      | Found a staircase to the Ecumenical Temple.
  5158 | D:4      | Reached XP level 6. HP: 32/32 MP: 8/14
  5159 | D:4      | Reached skill level 1 in Transmutations
  5326 | Temple   | Entered the Ecumenical Temple
  5404 | Temple   | Became a worshipper of Vehumet
  6530 | D:4      | Reached skill level 5 in Spellcasting
  6539 | D:4      | Learned a level 4 spell: Sticky Flame
  6718 | D:5      | Entered Level 5 of the Dungeon
  6731 | D:5      | Reached XP level 7. HP: 31/36 MP: 10/16
  6862 | D:5      | Reached skill level 5 in Conjurations
  8068 | D:5      | Reached XP level 8. HP: 30/41 MP: 12/20
  8075 | D:5      | Learned a level 5 spell: Fireball
  8135 | D:6      | Reached * piety under Vehumet
  8135 | D:6      | Offered knowledge of Shock by Vehumet.
  8178 | D:6      | Slain by a water moccasin

Skill      XL: |  1  2  3  4  5  6  7 |
---------------+----------------------+-----
Conjurations   | 2 3 4 5 |  5.7
Fire Magic     | 4 5 6 |  6.9
Spellcasting   | 4 5 6 |  6.6
Transmutations | 2 |  2.1
Dodging        | |  2.4
Stealth        | |  2.4

Action                   |  1- 3 |  4- 6 |  7- 9 || total
-------------------------+-------+-------+-------++-------
Melee: Mace              |     6 |       |       ||     6
       Short sword       |     7 |       |       ||     7
       Dagger            |     7 |    16 |     5 ||    28
Throw: Stone             |       |     3 |       ||     3
 Cast: Flame Tongue      |    56 |    90 |    52 ||   198
       Throw Flame       |    12 |    27 |    17 ||    56
       Conjure Flame     |     3 |    11 |     3 ||    17
       Inner Flame       |       |       |     1 ||     1
  Use: Scroll            |       |     5 |     1 ||     6
       Potion            |       |     1 |       ||     1
 Stab: Sleeping          |     5 |       |       ||     5
  Eat: Chunk             |     5 |    13 |     3 ||    21
       Royal jelly       |       |     1 |       ||     1
       Fruit             |       |       |     1 ||     1
Armor: Robe              |     3 |     1 |     1 ||     5
Dodge: Dodged            |    19 |    30 |    13 ||    62
